[Event "Early-Titled-Tuesday-Blitz-May-28-2024"]
[Site "Chess.com"]
[Date "2024.05.28"]
[Round "5"]
[White "GianmarcoVaR"]
[Black "Masterbeaterr"]
[Result "1-0"]
[WhiteElo "2728"]
[BlackElo "2473"]
[TimeControl "180+1"]
[EndTime "8:56:03 PDT"]
[Termination "GianmarcoVaR won by resignation"]

1. Nf3 d5 2. g3 Bf5 3. Bg2 e6 4.
O-O Nf6 5. d3 h6 6. Nc3 Be7 7. e4 dxe4 8. Nh4 Bg4 9. Qe1 Nc6 10.
h3 Bh5 11. g4 Nxg4 12. hxg4 Bxg4 13. Qxe4 Bh5 14. Nf3 O-O 15. Bf4 Bd6 16. Rae1 Qf6 17. Bg3 Rad8 18. Ne5 Nb4 19. a3 Nxc2 20. Rc1 Bxe5 21. Bxe5 Qg5 22. Rxc2 f5 23. Qf4 Rxd3 24.
Qxg5 hxg5 25. Bxc7 Rc8 26. Nb5 Bf3 27. Nxa7 Ra8 28.
Nb5 g4 29. Re1 Bxg2 30. Kxg2 g5 31. Rxe6 Kf7 32. Rce2 f4 33. Re7+ Kf6 34. R2e6+ Kf5 35. Nd6+ 1-0

[Event "Early-Titled-Tuesday-Blitz-May-28-2024"]
[Site "Chess.com"]
[Date "2024.05.28"]
[Round "5"]
[White "secrethawk1"]
[Black "manmanlai1"]
[Result "0-1"]
[WhiteElo "2420"]
[BlackElo "2569"]
[TimeControl "180+1"]
[EndTime "8:56:04 PDT"]
[Termination "manmanlai1 won by checkmate"]

1. d4 Nf6 2. c4 g6 3. Nc3 Bg7 4. e4 d6 5. f3 O-O 6. Be3 c5 7. d5 e6 8. Bd3 exd5 9. cxd5 Nh5 10.
Nge2 f5 11. O-O f4 12. Bf2 Nd7 13. a3 Ne5 14. b4 b6 15. Rc1 Kh8 16. Qd2 g5 17. Bb1 g4 18. bxc5 bxc5 19. fxg4 Bxg4 20. Nb5 f3 21. Ng3 Nf4 22. Be3 Nxg2 23. Rf2 Nxe3 24.
Qxe3 Rb8 25. Nc3 Qh4 26. Rcf1 Bh3 27. Rd1 Ng4 28. Qe1 Nxf2 29. Qxf2 Bxc3 30. Bd3 Bd4 31.
Qxd4+ cxd4 32. Kf2 Bg4 33. Be2 Qxh2+ 34. Ke1 f2+ 35.
Kd2 Qxg3 36. Rh1 Qc3+ 37. Kd1 Rb1# 0-1

[Event "Early-Titled-Tuesday-Blitz-May-28-2024"]
[Site "Chess.com"]
[Date "2024.05.28"]
[Round "5"]
[White "MikeWizard"]
[Black "ThetNaung291"]
[Result "0-1"]
[WhiteElo "2013"]
[BlackElo "2353"]
[TimeControl "180+1"]
[EndTime "8:56:04 PDT"]
[Termination "ThetNaung291 won by resignation"]

1. d4 Nf6 2. c4 d6 3. Nc3 Bf5 4. f3 e5 5. e4 exd4 6. Qxd4 Nc6 7. Qd1 Be6 8. Be3 g6 9. Bd3 Bg7 10. Nge2 Ne5 11. Nd5 c6 12. Nxf6+ Bxf6 13. Rc1 Qa5+ 14. Nc3 Bxc4 15. Bxc4 Nxc4 16. Bh6 Nxb2 17. Qc2 Na4 18. Bd2 Nxc3 19. Bxc3 Qxc3+ 20. Qxc3 Bxc3+ 21. Rxc3 O-O-O 22. Ke2 Rhe8 23. Kf2 d5 24. exd5 Rxd5 25. Ra3 a6 26. Rb1 Kc7 27. Rb2 f5 28. Rab3 b5 29. a4 Kb6 30.
axb5 axb5 31. Ra3 Red8 32. Kg3 Rd2 33. Rb1 R8d4 34. Ra8 b4 35. Rb8+ Kc5 36. Rc1+ Rc4 37. Rb1 Rdd4 38. Rh8 Rd7 39. h4 Rb7 40. Re8 b3 41.
Re3 b2 42. Re2 Rcb4 43. Rc2+ Kd6 44. Rd2+ Kc7 45. Rc2 R7b5 46. Kh3 h5 47. Kg3 Kb6 48.
Re2 c5 49. Re6+ Ka5 50. Rxg6 c4 51.
Rg5 c3 52. Rg8 Ka4 53. Ra8+ Kb3 54. Rh8 c2 0-1

[Event "Early-Titled-Tuesday-Blitz-May-28-2024"]
[Site "Chess.com"]
[Date "2024.05.28"]
[Round "5"]
[White "Matsanovic"]
[Black "NewBornNow"]
[Result "0-1"]
[WhiteElo "2614"]
[BlackElo "2808"]
[TimeControl "180+1"]
[EndTime "8:56:07 PDT"]
[Termination "NewBornNow won by resignation"]

1. d4 Nf6 2. Bf4 g6 3. e3 Bg7 4. Nf3 O-O 5. Be2 c5 6. c3 d5 7. h3 b6 8. Nbd2 Bb7 9. Ne5 Nfd7 10. Ndf3 f6 11. Nxd7 Nxd7 12. O-O e5 13. dxe5 fxe5 14. Bg3 e4 15. Nd2 Ne5 16. Bxe5 Bxe5 17. f4 exf3 18. Bxf3 Qg5 19. Rf2 Qxe3 20. Qe2 Bf4 21. Re1 Rae8 22. Kf1 Qxe2+ 23. Rfxe2 Ba6 24. Bxd5+ Kg7 25. Nf3 Bg3 26. c4 Bxe1 27. Kxe1 Rxe2+ 28. Kxe2 Re8+ 29. Kd2 Re7 30. Ng5 Bb7 31. Ne6+ Kf6 32. Nf4 Ke5 33. g3 Bxd5 34. Nxd5 Rf7 35. Ke2 Kd4 36. b3 Rd7 37. Nf6 Re7+ 38.
Kd2 Rf7 39. Ng4 h5 0-1

[Event "Early-Titled-Tuesday-Blitz-May-28-2024"]
[Site "Chess.com"]
[Date "2024.05.28"]
[Round "5"]
[White "Nitzan_Steinberg"]
[Black "Pomegranate988"]
[Result "1-0"]
[WhiteElo "2901"]
[BlackElo "2659"]
[TimeControl "180+1"]
[EndTime "8:56:08 PDT"]
[Termination "Nitzan_Steinberg won on time"]

1. e4 c6 2. Nf3 g6 3. d4 d5 4. Nc3 Bg7 5. Bf4 dxe4 6. Nxe4 Qa5+ 7. Bd2 Qc7 8. Bc4 Nf6 9. Neg5 O-O 10. O-O Nd5 11.
Re1 h6 12. Ne4 Nd7 13. h3 e6 14. Bb3 b5 15. a4 Bb7 16. c3 a6 17. Qc1 Kh7 18.
h4 c5 19. h5 g5 20. axb5 axb5 21. Rxa8 Bxa8 22. Bc2 Kg8 23. Nexg5 hxg5 24. Bxg5 Kh8 25. Bb1 Qd6 26. h6 Rg8 27. hxg7+ Rxg7 28. Re4 Kg8 29. Rh4 N5f6 30. Bxf6 Nxf6 31. Qh6 Nh7 32. Bxh7+ Kf8 33. Rg4 1-0

[Event "Early-Titled-Tuesday-Blitz-May-28-2024"]
[Site "Chess.com"]
[Date "2024.05.28"]
[Round "5"]
[White "MaiqMaster"]
[Black "KnightDuta"]
[Result "0-1"]
[WhiteElo "2463"]
[BlackElo "2726"]
[TimeControl "180+1"]
[EndTime "8:56:08 PDT"]
[Termination "KnightDuta won by resignation"]

1. e4 d5 2. exd5 Nf6 3. d4 Nxd5 4. Nf3 Bg4 5. Be2 e6 6. O-O Nc6 7. c4 Nb6 8. b3 Be7 9. Bb2 O-O 10. h3 Bxf3 11. Bxf3 Bf6 12. Na3 Nxd4 13. Bxb7 Rb8 14. Be4 c5 15. Rb1 Qe7 16. Nc2 Rfd8 17. Nxd4 Bxd4 18.
Qe2 Nd7 19. Rfd1 Nf6 20. Bf3 e5 21. Qc2 e4 22. Re1 Re8 23. Rbd1 Rbd8 24. Bxd4 cxd4 25. Bxe4 Nxe4 26. f3 d3 27. Rxd3 Qc5+ 28. Kh2 Qc7+ 29. Kg1 Ng3 30. Rxd8 Rxd8 31. Qf2 h5 32. Qxg3 Qxg3 0-1

[Event "Early-Titled-Tuesday-Blitz-May-28-2024"]
[Site "Chess.com"]
[Date "2024.05.28"]
[Round "5"]
[White "agvega14"]
[Black "David_George21"]
[Result "1-0"]
[WhiteElo "2255"]
[BlackElo "2395"]
[TimeControl "180+1"]
[EndTime "8:56:09 PDT"]
[Termination "agvega14 won on time"]

1. e4 c5 2. Nf3 d6 3. c3 Nf6 4. h3 Nc6 5. d3 g6 6. Be2 Bg7 7. Bg5 O-O 8. O-O h6 9. Be3 b6 10. a4 Bb7 11. Nbd2 Ne8 12. Qc2 d5 13. Bf4 d4 14. Rfe1 Rc8 15. Bf1 Nc7 16. Nc4 Ne6 17.
Bh2 a6 18. Qb3 b5 19. axb5 axb5 20. Qxb5 Ba8 21. Rxa8 Rxa8 22. Qxc6 dxc3 23. bxc3 Bxc3 24. Rd1 Nd4 25. Nxd4 Bxd4 26. Bg3 Ra2 27. Ne3 Qd7 28. Qxd7 e6 29. Rb1 Rfa8 30. Rb8+ Rxb8 31. Bxb8 Rb2 32.
Qd8+ Kg7 33. Bd6 c4 34. dxc4 Bc3 35. Bf8+ Kh7 36. Be7 Rc2 37. Qf8 Bg7 38. Qxf7 Rd2 39.
Bf6 1-0

[Event "Early-Titled-Tuesday-Blitz-May-28-2024"]
[Site "Chess.com"]
[Date "2024.05.28"]
[Round "5"]
[White "DishonorOnYourCow"]
[Black "Witik"]
[Result "0-1"]
[WhiteElo "2590"]
[BlackElo "2796"]
[TimeControl "180+1"]
[EndTime "8:56:12 PDT"]
[Termination "Witik won by checkmate"]

1. d4 Nf6 2. c4 e6 3. Nf3 Bb4+ 4.
Nbd2 b6 5. g3 Bb7 6. Bg2 O-O 7.
O-O Bxd2 8. Bxd2 d6 9. Re1 Nbd7 10. Qc2 Be4 11. Qc1 h6 12. b4 c6 13. c5 d5 14.
cxb6 Nxb6 15. Qxc6 Rc8 16. Qb5 Ne8 17. Bf4 g5 18.
Be3 Nd6 19. Qa6 Nbc4 20. Ne5 Bxg2 21. Kxg2 Qe7 22. Rac1 Rc7 23. Qa4 Rfc8 24. Qb3 Nf5 25. Nxc4 Rxc4 26. a3 Qb7 27. Qb2 a5 28. b5 a4 29.
Rxc4 dxc4+ 30. Kg1 c3 31. Qb4 c2 32. Rc1 Qe4 33.
Qxa4 Nxe3 34. b6 Qg2# 0-1

[Event "Early-Titled-Tuesday-Blitz-May-28-2024"]
[Site "Chess.com"]
[Date "2024.05.28"]
[Round "5"]
[White "jens1102"]
[Black "BogdanDeac"]
[Result "0-1"]
[WhiteElo "2710"]
[BlackElo "3118"]
[TimeControl "180+1"]
[EndTime "8:56:13 PDT"]
[Termination "BogdanDeac won by checkmate"]

1. c4 e6 2. Nc3 d5 3. e3 dxc4 4.
Bxc4 a6 5. Nf3 b5 6. Bb3 Bb7 7. d4 Nf6 8. O-O Be7 9. a4 b4 10. Ne2 O-O 11. Ng3 c5 12. dxc5 Nbd7 13. c6 Bxc6 14. Nd4 Bb7 15. Qe2 Qa5 16. Rd1 Rfd8 17. Bc2 Rac8 18. b3 g6 19. Bb2 Nd5 20. Be4 N7f6 21. Bf3 e5 22. Ndf5 gxf5 23. Nxf5 Kf8 24. Bxe5 Nc3 25. Bxc3 Bxf3 26. Qxf3 bxc3 27. Qf4 Ng8 28.
Nd4 Bf6 29. Nc2 Rd2 30. b4 Qe5 31. Qg4 Rcd8 32. Nd4 Qd5 33. Rxd2 cxd2 34. Rd1 Bxd4 35. Rxd2 Qb3 36. exd4 Qxb4 37. Qd1 Rb8 38. d5 Qxd2 39. d6 Qxd1# 0-1

[Event "Early-Titled-Tuesday-Blitz-May-28-2024"]
[Site "Chess.com"]
[Date "2024.05.28"]
[Round "5"]
[White "toniv1"]
[Black "tactic"]
[Result "0-1"]
[WhiteElo "2233"]
[BlackElo "2604"]
[TimeControl "180+1"]
[EndTime "8:56:13 PDT"]
[Termination "tactic won by resignation"]

1. e4 c5 2. Nc3 a6 3. g3 b5 4. Bg2 Bb7 5. Nge2 Nf6 6. O-O b4 7. Nd5 Nc6 8. c3 e6 9. Ne3 d5 10. exd5 exd5 11. d4 c4 12. Nf4 bxc3 13. bxc3 Ne7 14.
Nxc4 dxc4 15. Bxb7 Ra7 16. Bf3 g6 17. Re1 Bg7 18.
Qa4+ Kf8 19. Ba3 g5 20. Rxe7 Rxe7 21. Re1 gxf4 22. Rxe7 Qxe7 23. Qxa6 Ne8 24. Bxe7+ Kxe7 25. Qxc4 Bf6 26. Qc5+ Kd8 27. d5 Be5 28. a4 fxg3 29. hxg3 Bd6 30. Qc6 Bc7 31. Bg4 Ke7 32. c4 Rg8 33.
Bf5 Rg5 34. Qd7+ Kf6 35. Bxh7 Re5 36. Kg2 Kg7 37. Bd3 Ba5 38. c5 Nf6 39. Qd6 Rxd5 40. Qa6 Rxc5 41. Bb5 Be1 42. Qc8 Rxc8 0-1

[Event "Early-Titled-Tuesday-Blitz-May-28-2024"]
[Site "Chess.com"]
[Date "2024.05.28"]
[Round "5"]
[White "the_chess_child"]
[Black "Chesstrainer1"]
[Result "1-0"]
[WhiteElo "2889"]
[BlackElo "2508"]
[TimeControl "180+1"]
[EndTime "8:56:16 PDT"]
[Termination "the_chess_child won by resignation"]

1. e4 c5 2. Nf3 a6 3. d3 b5 4. g3 Bb7 5. Bg2 e6 6. O-O d6 7. Re1 Nf6 8. Nbd2 Be7 9. c3 O-O 10. d4 Nbd7 11. e5 Ng4 12. h3 Nh6 13. Ne4 cxd4 14.
exd6 Bf6 15. Nxd4 Bxd4 16. Bxh6 Bxf2+ 17. Nxf2 Bxg2 18. Bxg7 Kxg7 19. Kxg2 Rc8 20. Ne4 f5 21. Nf2 Qf6 22. Qf3 Rf7 23. Rad1 Ne5 24. Qe2 Nc4 25.
Nd3 Rd8 26. Nf4 Kh8 27. Qxe6 Rxd6 28. Rxd6 Nxd6 29. Qd5 Re7 30. Qa8+ Ne8 31. Qxe8+ Rxe8 32. Rxe8+ 1-0

[Event "Early-Titled-Tuesday-Blitz-May-28-2024"]
[Site "Chess.com"]
[Date "2024.05.28"]
[Round "5"]
[White "Susal_De_Silva"]
[Black "FollowRivers"]
[Result "0-1"]
[WhiteElo "2601"]
[BlackElo "2483"]
[TimeControl "180+1"]
[EndTime "8:56:16 PDT"]
[Termination "FollowRivers won on time"]

1. e4 c5 2. Nf3 g6 3. d4 cxd4 4.
Nxd4 Bg7 5. Nc3 Nc6 6. Be3 Nf6 7. Be2 O-O 8. O-O d5 9. exd5 Nxd5 10. Nxc6 bxc6 11.
Nxd5 cxd5 12. c3 Rb8 13. Qd2 a6 14. Rfd1 e6 15. Rab1 Qc7 16. Bf4 e5 17. Bg3 Be6 18.
Bxa6 Qa5 19. Bf1 Qxa2 20. f4 exf4 21. Bxf4 Rb3 22. Bd6 Rd8 23. Be7 Re8 24. Bb4 Bf5 25. Re1 Rd8 26. Bc4 Bxb1 27. Bxd5 Qa7+ 28. Kh1 Qd7 29.
Bxf7+ Kxf7 30. Qf4+ Bf5 31. Qc4+ Qd5 0-1

[Event "Early-Titled-Tuesday-Blitz-May-28-2024"]
[Site "Chess.com"]
[Date "2024.05.28"]
[Round "5"]
[White "MikeSailer"]
[Black "BashirliSaadat"]
[Result "0-1"]
[WhiteElo "2066"]
[BlackElo "2369"]
[TimeControl "180+1"]
[EndTime "8:56:17 PDT"]
[Termination "BashirliSaadat won on time"]

1. d4 d5 2. Nf3 e6 3. Bf4 c5 4. e3 Nc6 5. c3 Nf6 6. Bd3 Qb6 7. b3 Bd7 8. O-O Be7 9. Nbd2 O-O 10.
Ne5 Rac8 11. Qf3 cxd4 12. cxd4 Nb4 13. Bb1 Bb5 14. Rd1 Nc2 15. Bxc2 Rxc2 16. a4 Bc6 17. Rac1 Rxc1 18. Rxc1 Bb4 19. Nf1 Ne4 20. Ng3 Ba3 21. Rd1 Qxb3 22. Nxc6 bxc6 23. Nxe4 dxe4 24. Qe2 Rb8 25.
h4 Rb4 26. h5 Qd5 27. h6 g6 28.
Qa6 Qd7 29. Qa5 Rb7 30. Be5 Bf8 31. Bf6 Bxh6 32. Qe5 Qd5 33. Qg3 Qf5 34. Be5 Bg7 35. Bd6 Qh5 36. Bc5 Qxd1+ 0-1

[Event "Early-Titled-Tuesday-Blitz-May-28-2024"]
[Site "Chess.com"]
[Date "2024.05.28"]
[Round "5"]
[White "viktorskliarov"]
[Black "JoliyRoger"]
[Result "1-0"]
[WhiteElo "2633"]
[BlackElo "2443"]
[TimeControl "180+1"]
[EndTime "8:56:18 PDT"]
[Termination "viktorskliarov won on time"]

1. e4 c6 2. d4 d5 3. e5 Bf5 4. Nf3 e6 5. Be2 Nd7 6. O-O a6 7. c3 h6 8. Re1 Ne7 9. Nbd2 Bg6 10. Nf1 c5 11. Ng3 cxd4 12. cxd4 Nc6 13. a3 Be7 14.
Be3 O-O 15. Qd2 Na5 16. Rad1 b5 17. Bxh6 gxh6 18. Qxh6 Re8 19. Bd3 Bf8 20. Qf4 Bg7 21. h4 Bxd3 22. Rxd3 f5 23. exf6 Qxf6 24. Qg4 Re7 25.
Nh5 Qh6 26. Ng5 Nf8 27. Rg3 Rae8 28. Nf3 Nc4 29. Ne5 Nxe5 30. Rxe5 Kh8 31. Rg5 1-0

[Event "Early-Titled-Tuesday-Blitz-May-28-2024"]
[Site "Chess.com"]
[Date "2024.05.28"]
[Round "5"]
[White "patzer-reloaded"]
[Black "Let_it_be_1"]
[Result "1-0"]
[WhiteElo "2485"]
[BlackElo "2602"]
[TimeControl "180+1"]
[EndTime "8:56:19 PDT"]
[Termination "patzer-reloaded won on time"]

1. d3 d5 2. Nf3 Nf6 3. g3 e6 4.
Bg2 Be7 5. O-O O-O 6. c4 c5 7. Bf4 Nc6 8. Ne5 Nxe5 9. Bxe5 Bd7 10. d4 Bc6 11. Nc3 dxc4 12. Bxc6 bxc6 13. dxc5 Bxc5 14. Bxf6 Qxf6 15. Ne4 Qe5 16. Nxc5 Qxc5 17. Qc2 Qb4 18. Rfc1 Rfd8 19. Kg2 Rd2 20. Qxc4 Qxb2 21. Qxc6 Rad8 22.
Qf3 Rxe2 23. Rc7 f5 24. Rac1 h6 25. R1c3 Rdd2 26. Qa8+ Kh7 27. Kh3 Rxf2 28. Rxg7+ Kxg7 29. Rc7+ Kf6 30. Qh8+ Kg5 31. Rg7+ 1-0

[Event "Early-Titled-Tuesday-Blitz-May-28-2024"]
[Site "Chess.com"]
[Date "2024.05.28"]
[Round "5"]
[White "N_I_Chess"]
[Black "Logman74"]
[Result "0-1"]
[WhiteElo "2237"]
[BlackElo "2531"]
[TimeControl "180+1"]
[EndTime "8:56:19 PDT"]
[Termination "Logman74 won by resignation"]

1. d4 Nf6 2. Nf3 g6 3. g3 Bg7 4. Bg2 O-O 5. O-O d5 6. c4 dxc4 7. Nc3 Nbd7 8. e4 c6 9. a4 a5 10. Qe2 Qc7 11. Qxc4 Re8 12. Bf4 Qb6 13. Qe2 e5 14. dxe5 Ng4 15. Rfd1 Ndxe5 16. Nxe5 Nxe5 17. Be3 Qc7 18. h3 Be6 19. Kh2 Bb3 20. Re1 Rad8 21. f4 Nd3 22. Rg1 f5 23. e5 Bf8 24. g4 Qf7 25. Bf3 Bc5 26. Bxc5 Nxc5 27. Qg2 Be6 28.
Raf1 Rd3 29. Rd1 Red8 30. Rge1 Rxd1 31. Rxd1 Rxd1 32. Nxd1 Nxa4 33. g5 Nb6 34. Ne3 Bd5 35. Bxd5 Nxd5 36. Qf3 a4 37. Kg3 Nxe3 38. Qxe3 Qc4 39. e6 Kf8 40. e7+ Ke8 41. Qe5 Qd3+ 42. Kg2 Qd5+ 43. Qxd5 cxd5 44. Kf3 Kxe7 45. Ke3 Kd6 46. Kd4 b5 47. b4 0-1

[Event "Early-Titled-Tuesday-Blitz-May-28-2024"]
[Site "Chess.com"]
[Date "2024.05.28"]
[Round "5"]
[White "eltenedor"]
[Black "Dubs123"]
[Result "0-1"]
[WhiteElo "2173"]
[BlackElo "2452"]
[TimeControl "180+1"]
[EndTime "8:56:19 PDT"]
[Termination "Dubs123 won by checkmate"]

1. f4 Nf6 2. Nf3 d5 3. b3 c5 4. Bb2 Nc6 5. e3 g6 6. Bb5 Bg7 7. Bxc6+ bxc6 8. Ne5 Qc7 9. Nd3 Qb6 10. O-O O-O 11. Nc3 c4 12. Na4 Qb5 13. Ndc5 Nd7 14. Bxg7 Kxg7 15. bxc4 Qxc4 16. d3 Qb5 17. Rb1 Qa5 18.
Qe1 Qc7 19. Qc3+ Kg8 20. e4 Nb6 21. f5 Rd8 22. f6 e5 23. Qd2 Qd6 24. Rf3 Nxa4 25.
Nxa4 dxe4 26. Qh6 Qf8 27. Qxf8+ Kxf8 28. dxe4 Be6 29. a3 Bc4 30. Nc5 Rd2 31. Rc3 Be2 32. Rb7 Rad8 33. Rcb3 Bc4 34. R3b4 Bb5 35. Rc7 Rd1+ 36.
Kf2 R1d2+ 37. Ke3 Rxc2 38. Nb3 Rd3# 0-1

[Event "Early-Titled-Tuesday-Blitz-May-28-2024"]
[Site "Chess.com"]
[Date "2024.05.28"]
[Round "5"]
[White "Aygehovit1992"]
[Black "sergeikim"]
[Result "1-0"]
[WhiteElo "2824"]
[BlackElo "2620"]
[TimeControl "180+1"]
[EndTime "8:56:20 PDT"]
[Termination "Aygehovit1992 won by resignation"]

1. e4 e5 2. Nf3 Nc6 3. Bb5 a6 4. Ba4 Nf6 5. O-O b5 6. Bb3 Bc5 7. c3 d6 8. d4 Bb6 9. Be3 O-O 10.
Nbd2 Bb7 11. h3 h6 12. Re1 Re8 13. d5 Ne7 14. Bxb6 cxb6 15. a4 bxa4 16. Bxa4 b5 17. Bc2 Ng6 18. Bd3 Nf4 19. Bf1 Qd7 20. Kh2 Nh7 21. g3 Ng6 22. Nb3 f5 23. exf5 Qxf5 24. Na5 Bc8 25. b4 Rf8 26. Bg2 Bd7 27. Ra2 Rf7 28. Nc6 h5 29. Qb1 h4 30. Qxf5 Bxf5 31. c4 bxc4 32. b5 Bd3 33. bxa6 Nf6 34. Ng5 Rc7 35. Ne6 Rcc8 36. a7 Kf7 37. Rb2 Ne7 38.
Rb7 Re8 39. Nc7 Nxc6 40. dxc6 Kg6 41. Nxe8 1-0

[Event "Early-Titled-Tuesday-Blitz-May-28-2024"]
[Site "Chess.com"]
[Date "2024.05.28"]
[Round "5"]
[White "rollercoaster29"]
[Black "Chernov_Mikhail"]
[Result "1-0"]
[WhiteElo "2537"]
[BlackElo "2310"]
[TimeControl "180+1"]
[EndTime "8:56:22 PDT"]
[Termination "rollercoaster29 won on time"]

1. e4 e5 2. Nf3 Nf6 3. Nc3 Nc6 4. d4 d6 5. Bb5 Bd7 6. d5 Ne7 7.
Bxd7+ Qxd7 8. Qd3 h6 9. h3 a6 10. a4 g5 11. g4 Ng6 12. Ne2 Be7 13. Ng3 Bd8 14. Nf5 Ne7 15. Ng3 c6 16. c4 c5 17.
Nh2 Ba5+ 18. Kf1 Bb4 19. Kg2 O-O 20. f3 b5 21. b3 bxa4 22. bxa4 Rab8 23. Nhf1 Be1 24. h4 Bxg3 25. Nxg3 Ng6 26. hxg5 hxg5 27. Bxg5 Rb2+ 28. Kg1 Nxg4 29. Bc1 Rf2 30. fxg4 Rf4 31.
Nf5 1-0

[Event "Early-Titled-Tuesday-Blitz-May-28-2024"]
[Site "Chess.com"]
[Date "2024.05.28"]
[Round "5"]
[White "guineo59"]
[Black "jk13"]
[Result "0-1"]
[WhiteElo "2346"]
[BlackElo "2656"]
[TimeControl "180+1"]
[EndTime "8:56:23 PDT"]
[Termination "jk13 won on time"]

1. d4 Nf6 2. Nf3 e6 3. e3 d5 4. Bd3 Be7 5. Nbd2 O-O 6. O-O b6 7. e4 dxe4 8. Nxe4 Bb7 9. Qe2 Nbd7 10. Rd1 c5 11. Nxf6+ Bxf6 12. dxc5 bxc5 13. Bf4 Qb6 14.
Bxh7+ Kxh7 15. Rxd7 Qxb2 16. Rad1 Bc6 17. Rc7 Bxf3 18.
Qxf3 Qxc2 19. h3 Rac8 20. Rxa7 c4 21. Rdd7 Qg6 22. Bd6 Rfd8 23. Rxd8 Rxd8 24. Bc7 Rd3 25.
Qc6 c3 26. Ra8 Qf5 27. Qe8 Be5 28. Qg8+ Kg6 29. Bxe5 Qxe5 30. g3 c2 31. Rc8 Rd1+ 32. Kh2 Qd5 0-1

[Event "Early-Titled-Tuesday-Blitz-May-28-2024"]
[Site "Chess.com"]
[Date "2024.05.28"]
[Round "5"]
[White "jraosam"]
[Black "Massakru"]
[Result "0-1"]
[WhiteElo "2109"]
[BlackElo "2375"]
[TimeControl "180+1"]
[EndTime "8:56:23 PDT"]
[Termination "Massakru won by checkmate"]

1. e4 e5 2. Nf3 Nc6 3. Bb5 a6 4.
Bxc6 dxc6 5. O-O f6 6. d4 exd4 7. Nxd4 c5 8. Nb3 Bd7 9. Be3 b6 10. Nc3 Ne7 11. Nd5 Nxd5 12. Qxd5 Bb5 13. Rfd1 Qxd5 14. exd5 O-O-O 15. Rd2 Bc4 16. Rad1 Bd6 17. Nc1 Be5 18. b3 Bb5 19. c4 Bd7 20. f4 Bd6 21. g3 Rde8 22. Re1 b5 23. Kf2 Re4 24. Ne2 bxc4 25. Nc3 Re7 26. bxc4 Rhe8 27. Rde2 Bg4 28. Rb2 Bf5 29. Rd2 g5 30. Kf3 gxf4 31. gxf4 h5 32.
Nd1 Bg4+ 33. Kf2 Bxf4 34. Bxf4 Rxe1 35. Ne3 Rc1 36. d6 cxd6 37. Rxd6 Ra1 38. Rxa6 Re4 39. Nd5 Rd1 40. Ra8+ Kb7 41. Rb8+ Ka7 42. Bc7 Re2+ 43. Kg3 Rd3+ 44. Kf4 Rf2+ 45. Ke4 Bf5# 0-1

[Event "Early-Titled-Tuesday-Blitz-May-28-2024"]
[Site "Chess.com"]
[Date "2024.05.28"]
[Round "5"]
[White "eagleclaw07"]
[Black "aghasiyevkamal"]
[Result "1-0"]
[WhiteElo "2836"]
[BlackElo "2637"]
[TimeControl "180+1"]
[EndTime "8:56:24 PDT"]
[Termination "eagleclaw07 won by resignation"]

1. d4 d5 2. c4 e6 3. Nc3 Nf6 4.
cxd5 exd5 5. Bg5 c6 6. e3 Nbd7 7. Bd3 Be7 8. Nge2 h6 9. Bh4 Nh5 10. Bxe7 Qxe7 11. Qd2 Nb6 12. O-O O-O 13. Rae1 Bd7 14.
f3 f5 15. Nf4 Qf7 16. Nxh5 Qxh5 17. b3 Rae8 18. a4 Nc8 19. a5 Nd6 20. b4 Re7 21.
Re2 Rfe8 22. Rfe1 Qg5 23. b5 Qf6 24. bxc6 bxc6 25. Kh1 Kh8 26. Na4 f4 27. exf4 Rxe2 28. Bxe2 Qe7 29. Kg1 Nc4 30. Qc3 Bf5 31. Nc5 Qe3+ 32.
Qxe3 Rxe3 33. Kf2 Rc3 34. g4 Bc2 35. Rc1 Nb2 36. Ke1 Rxc5 37. dxc5 Ba4 38. Rb1 Nc4 39.
Bxc4 dxc4 40. Kd2 1-0

[Event "Early-Titled-Tuesday-Blitz-May-28-2024"]
[Site "Chess.com"]
[Date "2024.05.28"]
[Round "5"]
[White "Ginger_GM"]
[Black "Caracal3000"]
[Result "1-0"]
[WhiteElo "2745"]
[BlackElo "2564"]
[TimeControl "180+1"]
[EndTime "8:56:24 PDT"]
[Termination "Ginger_GM won by checkmate"]

1. f4 f5 2. e4 e6 3. Nc3 fxe4 4.
d3 exd3 5. Bxd3 Nf6 6. g4 Nd5 7. g5 g6 8. Nxd5 exd5 9. Nf3 Bc5 10. Kf1 d6 11. Kg2 O-O 12. b4 Bb6 13. h4 Qd7 14. f5 gxf5 15. Bf4 Nc6 16. h5 Ne5 17. g6 Qg7 18. Qd2 Ng4 19. gxh7+ Kh8 20. Ng5 Bd4 21.
Raf1 Bf6 22. h6 Qg6 23. Rh4 Nxh6 24. Rfh1 Nf7 25. Rh5 Bd7 26. Kf1 Nxg5 27. Bxg5 Bxg5 28. Rxg5 Qf6 29. Rh6 Qxh6 30. Rg8+ Kxh7 31. Rg5 Rg8 32. Rxf5 Qxd2 33. Rf7+ Kh8 34. Rh7# 1-0

[Event "Early-Titled-Tuesday-Blitz-May-28-2024"]
[Site "Chess.com"]
[Date "2024.05.28"]
[Round "5"]
[White "alreadybroken23"]
[Black "ClauAmura"]
[Result "1-0"]
[WhiteElo "2612"]
[BlackElo "2412"]
[TimeControl "180+1"]
[EndTime "8:56:24 PDT"]
[Termination "alreadybroken23 won by resignation"]

1. d4 Nf6 2. c4 e6 3. g4 Nxg4 4. e4 f5 5. exf5 Bb4+ 6. Nc3 exf5 7. h3 Qe7+ 8. Be2 Nf6 9. Nf3 b6 10. Kf1 Bb7 11. Rg1 Bxc3 12. bxc3 d6 13. Bg5 Nbd7 14. Qc2 h6 15. Be3 Qe4 16. Qxe4+ Nxe4 17. Rxg7 Nxc3 18. Nh4 Nxe2 19. Ng6 Nc3 20. Nxh8 O-O-O 21. Ng6 Nf6 22. Ne7+ Kb8 23. Nxf5 Ba6 24. Ke1 Bxc4 25. Rc1 Be6 26.
Rxc3 Nd5 27. Ne7 Nxc3 28. Nc6+ Kc8 29. Nxd8 Kxd8 30. Bxh6 Bxh3 31. Bd2 Nxa2 32. f4 a5 33. Rf7 Be6 34. Rf6 Ke7 35. Rh6 a4 36. Rh7+ Kd8 37.
d5 Bxd5 38. f5 b5 39. f6 b4 40. f7 Ke7 41. Bg5+ 1-0

[Event "Early-Titled-Tuesday-Blitz-May-28-2024"]
[Site "Chess.com"]
[Date "2024.05.28"]
[Round "5"]
[White "MathiasWomacka"]
[Black "rhwr"]
[Result "1-0"]
[WhiteElo "2524"]
[BlackElo "2309"]
[TimeControl "180+1"]
[EndTime "8:56:24 PDT"]
[Termination "MathiasWomacka won by resignation"]

1. e4 c5 2. Nf3 d6 3. d4 cxd4 4. Nxd4 Nf6 5. Nc3 e5 6. Bb5+ Nbd7 7. Nf5 a6 8. Bxd7+ Qxd7 9. Ne3 Be7 10. Ned5 Nxd5 11. Nxd5 Bd8 12. Be3 O-O 13. O-O b5 14. Qd3 Bb7 15. Rad1 Bxd5 16. Qxd5 Be7 17. Qxe5 dxe5 18.
Rxd7 Bf6 19. Rfd1 Rfc8 20. c3 h6 21. Kf1 g5 22. R1d6 Kg7 23. Rb6 Rcb8 24. Rxb8 Rxb8 25. Ra7 b4 26. c4 b3 27. a3 Rc8 28. c5 Rc6 29.
Ke2 Kf8 30. Kd3 Be7 31. Kc4 h5 32. Kd5 Rc8 33. Rxa6 Kg7 34. Rb6 Rd8+ 35. Kc4 Rc8 36. Rxb3 g4 37. Rb7 Bf8 38. b4 h4 39. b5 h3 40. gxh3 gxh3 41. c6 Bd6 42. a4 Kf6 43. Kd5 Be7 44. c7 Rg8 45. Rb8 Rg2 46. c8=Q Rxh2 47.
Qf5+ Kg7 48. Qxe5+ Bf6 49. Qxh2 1-0

[Event "Early-Titled-Tuesday-Blitz-May-28-2024"]
[Site "Chess.com"]
[Date "2024.05.28"]
[Round "5"]
[White "Karttunen"]
[Black "Msb2"]
[Result "0-1"]
[WhiteElo "2638"]
[BlackElo "3039"]
[TimeControl "180+1"]
[EndTime "8:56:25 PDT"]
[Termination "Msb2 won by resignation"]

1. e4 e6 2. d4 d5 3. Nc3 Nf6 4. e5 Nfd7 5. f4 c5 6. Nf3 Nc6 7. Be3 Rb8 8. Qd2 Qa5 9. dxc5 Bxc5 10. Nd4 Nxd4 11. Bxd4 b5 12. Bxc5 Nxc5 13. Bd3 b4 14. Ne2 Ba6 15. O-O Qb6 16. Kh1 O-O 17. Ng3 f5 18. exf6 Rxf6 19. Bxa6 Qxa6 20. Qd4 Qc4 21. Rad1 Qxd4 22. Rxd4 a5 23. Re1 g6 24. h3 Rbf8 25. Ne2 Ne4 26. a3 bxa3 27. bxa3 Rc8 28. Rc1 g5 29. g3 gxf4 30. gxf4 Nd6 31. Rg1+ Kf7 32. c3 Ne4 33. Ra4 Nxc3 34. Nxc3 Rxc3 35. Rxa5 Rxh3+ 36. Kg2 Rg6+ 37. Kxh3 Rxg1 38. Ra7+ Kf6 39. a4 Ra1 40. Kg4 h6 41. a5 Ra4 42. Kf3 h5 43. a6 Ra3+ 44.
Ke2 h4 45. Ra8 Kg7 46. Kf2 Ra2+ 47. Kf3 h3 48. Rb8 h2 49. Rb1 Rxa6 50. Kg3 Ra2 51.
Re1 Kf6 0-1